 Dungeon Crawl Stone Soup version 0.25.1-1-g288607f (webtiles) character file.

Game seed: 11796761967525108124

276 Jonnyslop the Magician (level 6, -10/32 HPs)
             Began as a Deep Elf Fire Elementalist on Oct 9, 2020.
             Was a Follower of Vehumet.
             Killed by divine providence
             ... invoked by an orc priest
              (15 damage)
             ... on level 4 of the Dungeon on Oct 11, 2020.
             The game lasted 00:09:40 (3415 turns).

Jonnyslop the Magician (Deep Elf Fire Elementalist) Turns: 3415, Time: 00:09:41

Health: -10/32     AC:  2    Str:  5    XL:     6   Next: 4%
Magic:  20/26      EV: 13    Int: 22    God:    Vehumet [*.....]
Gold:   250        SH:  0    Dex: 15    Spells: 6/17 levels left

rFire    . . .     SeeInvis .   d - +2 short sword (venom)
rCold    . . .     Gourm    .   (no shield)
rNeg     . . .     Faith    .   a - +0 robe
rPois    .         Spirit   .   (no helmet)
rElec    .         Reflect  .   (no cloak)
rCorr    .         Harm     .   (no gloves)
MR       .....                  (no boots)
Stlth    ++........             p - amulet of regeneration
HPRegen  0.50/turn              b - ring of magical power
MPRegen  0.20/turn              (no ring)

@: no status effects
A: no striking features
a: Renounce Religion


You were on level 4 of the Dungeon.
You worshipped Vehumet.
Vehumet was aware of your devotion.
You were not hungry.

You visited 1 branch of the dungeon, and saw 4 of its levels.

You collected 250 gold pieces.

Inventory:

Hand Weapons
 d - a +2 short sword of venom (weapon)
Armour
 a - a +0 robe (worn)
Jewellery
 b - a ring of magical power (left hand)
 p - an amulet of regeneration (around neck)
Scrolls
 e - a scroll of identify
 g - a scroll of random uselessness {unknown}
 h - a scroll of amnesia {unknown}
 i - 2 scrolls of teleportation
 k - a scroll of magic mapping {unknown}
 l - a scroll of fear {unknown}
 m - a scroll of blinking {unknown}
 q - a scroll of enchant armour {unknown}
Potions
 f - a potion of haste
 j - 3 potions of brilliance
 n - a potion of stabbing
Comestibles
 c - 14 rations
 o - 5 chunks of flesh


   Skills:
 - Level 2.4 Dodging
 - Level 2.4 Stealth
 + Level 6.2 Spellcasting
 + Level 3.4 Conjurations
 + Level 4.7 Fire Magic


You had 6 spell levels left.
You knew the following spells:

 Your Spells              Type           Power        Failure   Level  Hunger
a - Foxfire               Conj/Fire      ###.         1%          1    None
b - Inner Flame           Hex/Fire       ###.....     10%         3    #......
c - Conjure Flame         Conj/Fire      ###.....     4%          3    #......
d - Sticky Flame          Conj/Fire      ###.....     17%         4    ###....

Your spell library contained the following spells:

 Spells                   Type           Power        Failure   Level  Hunger
 Freeze                   Ice            #...         9%          1    None
 Fireball                 Conj/Fire      ###.......   43%         5    #####..


Dungeon Overview and Level Annotations

Branches:
Dungeon (4/15)
 Temple: D:4-7

Altars:
Elyvilon
Ru
Vehumet
Yredelemnul
The Shining One


Message History

Casting: Foxfire (safe; 1% risk of failure)
Confirm with . or Enter, or press ? or * to list all spells.
You conjure some foxfire!
The foxfire hits the orc priest.
The orc priest is severely wounded.
The foxfire hits the orc priest.
The orc priest is almost dead.
Casting: Foxfire (safe; 1% risk of failure)
Confirm with . or Enter, or press ? or * to list all spells.
You conjure some foxfire!
The orc priest calls down the wrath of Beogh upon you.
Pain shoots through your body!
* * * LOW HITPOINT WARNING * * *
The foxfire hits the leopard gecko.
The leopard gecko is moderately wounded.
The foxfire hits the leopard gecko.
The leopard gecko is severely wounded.
The orc priest mumbles some strange prayers to Beogh against you.
Beogh smites you!
You die...

#.# #.# #.# #.# #.#
#.####+## ############.#
#.#......
#.........##.###........
#....)...........#......
#.......§....#.#.#......
#......@.§§..o....#.....
######..§§§.l#.#....§o.o
#.........)..).....
#.###...#.#..#.§..#
#....#.......# ....
#.#.......#..# ###
#.....#.#.#.##
#.....#.#.#..
#.....#.#.####


You could see an orc priest and a leopard gecko.

Vanquished Creatures
  A hound (D:2)
  An orc priest (D:4)
  An orc wizard (D:4)
  2 worker ants (D:4)
  3 gnolls (D:2)
  An adder (D:3)
  A howler monkey skeleton (D:4)
  2 oozes
  3 worms
  2 dart slugs
  3 leopard geckos
  3 orcs
  10 bats
  15 goblins
  8 hobgoblins
  2 jackals (D:2)
  A quokka (D:2)
  4 ball pythons
  4 frilled lizards (D:2)
  4 kobolds
  6 rats
77 creatures vanquished.

Vanquished Creatures (others)
  210 foxfires
210 creatures vanquished.

Grand Total: 287 creatures vanquished

Notes
Turn   | Place    | Note
-------+----------+-------------------------------------------
     0 | D:1      | Jonnyslop the Deep Elf Fire Elementalist began the quest
                  | for the Orb.
     0 | D:1      | Reached XP level 1. HP: 10/10 MP: 6/6
   321 | D:1      | Reached XP level 2. HP: 15/15 MP: 5/8
   791 | D:1      | Reached skill level 4 in Spellcasting
   902 | D:1      | Reached XP level 3. HP: 19/19 MP: 7/10
   907 | D:1      | Learned a level 3 spell: Conjure Flame
   911 | D:1      | Learned a level 3 spell: Inner Flame
  1430 | D:2      | Reached XP level 4. HP: 24/24 MP: 2/12
  1436 | D:2      | Learned a level 4 spell: Sticky Flame
  1619 | D:2      | Found a radiant altar of Vehumet.
  1630 | D:2      | Found a sacrificial altar of Ru.
  1640 | D:2      | Became a worshipper of Vehumet
  1723 | D:2      | Found a white marble altar of Elyvilon.
  1790 | D:2      | Reached skill level 5 in Spellcasting
  2298 | D:2      | Found a basalt altar of Yredelemnul.
  2525 | D:3      | Found a glowing golden altar of the Shining One.
  2595 | D:3      | Reached XP level 5. HP: 28/28 MP: 10/14
  3348 | D:4      | Reached * piety under Vehumet
  3348 | D:4      | Offered knowledge of Freeze by Vehumet.
  3348 | D:4      | Reached skill level 6 in Spellcasting
  3402 | D:4      | Reached XP level 6. HP: 13/32 MP: 17/17
  3415 | D:4      | Killed from afar by an orc priest

Illustrated notes

Levels and vault maps discovered:
D:1:      matt_arrival_refuge, layout_basic, minmay_hexomino_f4
D:2:      layout_basic, lemuel_round_altar, vehumet_crystals,
          kennysheep_ying_yang, st_stairs_11
D:3:      layout_rooms, marbit_many_paths, first_ration, lemuel_another_geyser
D:4:      layout_basic, zin_treasury, trog_three_pillars_becter, uniq_edmund

Skill      XL: |  1  2  3  4  5 |
---------------+----------------+-----
Spellcasting   | 4 5 6 |  6.2
Conjurations   | 2 3 |  3.4
Fire Magic     | 4 |  4.7
Dodging        | |  2.4
Stealth        | |  2.4

Action                   |  1- 3 |  4- 6 || total
-------------------------+-------+-------++-------
Melee: Short sword       |     7 |     6 ||    13
 Cast: Foxfire           |    48 |    87 ||   135
  Use: Scroll            |     1 |     4 ||     5
  Eat: Chunk             |     1 |     6 ||     7
Armor: Robe              |     7 |     5 ||    12
Dodge: Dodged            |    14 |    21 ||    35
